 Dungeon Crawl Stone Soup version 0.31-a0-844-gdc52ec4e09 (webtiles) character file.

Game seed: 10146265641660888224

80697 Ijustatesigmund the Markself (level 15, -2/82 HPs)
             Began as a Deep Elf Fire Elementalist on Sept 28, 2023.
             Was a High Priest of Vehumet.
             Slain by an Executioner (17 damage)
             ... summoned by Asterion
             ... on level 2 of the Snake Pit on Sept 29, 2023.
             The game lasted 01:03:45 (25627 turns).

Ijustatesigmund the Markself (DEFE)                Turns: 25627, Time: 01:03:46

Health: -2/82      AC: 10    Str:  5    XL:     15   Next: 24%
Magic:  27/36      EV: 27    Int: 33    God:    Vehumet [*****.]
Gold:   1556       SH:  5    Dex: 23    Spells: 19/44 levels left

rFire   + . .        v - +8 longbow "Zephyr" {speed, Dex+3 SInv}
rCold   + . .        (shield currently unavailable)
rNeg    . . .        a - +1 robe
rPois   +            u - +2 helmet
rElec   .            h - scarf {rC+ rF+}
rCorr   .            y - +1 pair of gloves
SInv    +            F - +1 pair of boots
Will    +....        c - amulet of reflection
Stlth   ++++         H - ring "Feguh" {rC+ EV+5 Int-3 Dex+5}
HPRegen 0.33/turn    G - ring of Jogoruex {Fly rPois rC- Str-2 Int+10}
MPRegen 0.25/turn

%: reflection
@: about to teleport, flying
A: no striking features
a: Renounce Religion


You were on level 2 of the Snake Pit.
You worshipped Vehumet.
Vehumet was extremely pleased with you.
You visited 4 branches of the dungeon, and saw 21 of its levels.

You collected 1556 gold pieces.

Inventory:

Hand Weapons
 f - a +0 flail of protection
 v - the +8 longbow "Zephyr" (weapon) {speed, Dex+3 SInv}
   (You acquired it on level 9 of the Dungeon)

   Dex+3:     It affects your dexterity (+3).
   SInv:      It lets you see invisible.
Armour
 a - a +1 robe (worn)
 h - a scarf of resistance (worn)
 u - a +2 helmet (worn)
 y - a +1 pair of gloves (worn)
 F - a +1 pair of boots (worn)
Jewellery
 c - an amulet of reflection (around neck)
 n - a ring of fire
 p - a ring of willpower
 z - a ring of protection from fire
 G - the ring of Jogoruex (right hand) {Fly rPois rC- Str-2 Int+10}
   (You acquired it on level 9 of the Dungeon)

   [ring of poison resistance]

   Str-2:     It affects your strength (-2).
   Int+10:    It affects your intelligence (+10).
   rC-:       It makes you vulnerable to cold.
   rPois:     It protects you from poison Fly: It grants you flight.
 H - the ring "Feguh" (left hand) {rC+ EV+5 Int-3 Dex+5}
   (You acquired it on level 9 of the Dungeon)

   [ring of evasion]

   EV+5:      It affects your evasion (+5).
   Int-3:     It affects your intelligence (-3).
   Dex+5:     It affects your dexterity (+5).
   rC+:       It protects you from cold.
 J - a ring of willpower
 Q - a ring of see invisible
 V - the amulet of Elemental Vulnerability {rPois rF-- rC-- AC+8}
   (You found it on level 1 of the Lair of Beasts)

   [amulet of nothing]

   AC+8:      It affects your AC (+8).
   rF--:      It makes you very vulnerable to fire.
   rC--:      It makes you very vulnerable to cold.
   rPois:     It protects you from poison
 X - a ring of protection from fire
Wands
 r - a wand of digging (6)
 t - a wand of flame (47)
 A - a wand of polymorph (5)
 B - a wand of iceblast (17)
 E - a wand of charming (7)
 I - a wand of mindburst (23)
Scrolls
 d - 3 scrolls of revelation
 e - a scroll of amnesia
 j - 3 scrolls of teleportation
 o - 2 scrolls of fear
 s - a scroll of immolation
 w - a scroll of enchant weapon
 C - 2 scrolls of silence
 D - 2 scrolls of vulnerability
 L - a scroll of brand weapon
 M - a scroll of enchant armour
 N - a scroll of torment
 S - a scroll of fog
 T - 4 scrolls of identify
 W - 2 scrolls of butterflies
Potions
 b - 2 potions of magic
 g - 2 potions of brilliance
 i - a potion of enlightenment
 k - 3 potions of lignification
 l - 4 potions of curing
 m - 3 potions of cancellation
 q - a potion of heal wounds
 x - 7 potions of mutation
 K - a potion of invisibility
 O - 2 potions of haste
 P - a potion of resistance
 R - 2 potions of berserk rage
 U - a potion of might
 Z - a potion of attraction


   Skills:
 - Level 5.3 Fighting
 + Level 17.0 Ranged Weapons
 - Level 12.0 Dodging
 - Level 6.0 Stealth
 + Level 15.2 Spellcasting
 + Level 12.8 Conjurations
 + Level 13.1 Fire Magic
 - Level 6.0 Poison Magic
 - Level 3.0 Evocations


You had 19 spell levels left.
You knew the following spells:

 Your Spells              Type           Power      Damage    Failure   Level
a - Foxfire               Conj/Fire      100%       2x1d9     0%          1
b - Scorch                Fire           100%       2d9       0%          2
c - Flame Wave            Conj/Fire      84%        2d18      1%          4
d - Olgreb's Toxic Radia  Pois           60%        N/A       1%          4
e - Iskenderun's Mystic   Conj/Tloc      61%        2d13      1%          4
f - Iskenderun's Battles  Conj           83%        2d13      1%          5
g - Fireball              Conj/Fire      42%        3d17      1%          5

Your spell library contained the following spells:

 Spells                   Type           Power      Damage    Failure   Level
 Ozocubu's Refrigeration  Ice            12%        4d10      96%         7
 Apportation              Tloc           50%        N/A       1%          1
 Necrotise                Necr           100%       1d9       1%          1
 Sting                    Tmut/Pois      100%       1d8       1%          1
 Poisonous Vapours        Pois/Air       90%        N/A       1%          2
 Inner Flame              Hex/Fire       62%        N/A       1%          3
 Volatile Blastmotes      Fire/Tloc      100%       2d18      1%          3
 Blink                    Tloc           50%        N/A       2%          2
 Jinxbite                 Hex            50%        N/A       2%          2
 Vampiric Draining        Necr           25%        2d7       4%          3
 Alistair's Intoxication  Tmut/Pois      30%        N/A       13%         5
 Lee's Rapid Deconstruct  Erth           12%        3d9*      13%         5
 Animate Armour           Summ/Erth      50%        N/A       17%         4
 Cause Fear               Hex            12%        N/A       17%         4
 Manifold Assault         Tloc           25%        N/A       17%         4
 Summon Lightning Spire   Summ/Air       25%        N/A       17%         4
 Agony                    Necr           25%        N/A       43%         5
 Summon Cactus Giant      Summ           12%        N/A       95%         6
 Dragon's Call            Summ           12%        N/A       100%        9


Dungeon Overview and Level Annotations

Branches:
Dungeon (13/15)            Temple (1/1) D:6            Lair (5/5) D:10
 Shoals (0/4) Lair:3        Snake (2/4) Lair:2        Slime (0/5) Lair:5
    Orc (0/2) D:10         Vaults (0/5) D:13

Altars:
Ashenzari
Cheibriados
Dithmenos
Elyvilon
Fedhas
Gozag
Hepliaklqana
Kikubaaqudgha
Makhleb
Nemelex Xobeh
Okawaru
Qazlal
Ru
Sif Muna
Trog
Uskayaw
Vehumet
Wu Jian
Xom
Yredelemnul
Zin
The Shining One

Shops:
D:10 !   Snake:1 =   Snake:2 **

Portals:
Hell: Lair:5

Annotations:
D:13 1 runed translucent door, lis82's ghost, journeyman DgAE
Snake:2 exclusion: obsidian statue, Asterion; Turbonekonecno's ghost, adept SpEn


Message History

The Executioner hits you. The Executioner misses you. x2
The Executioner completely misses you. x2; The Executioner hits you.
The Executioner misses you.
The Executioner hits you but does no damage.
The Executioner closely misses you.
Fire: v) +8 longbow "Zephyr" {speed, Dex+3 SInv}
Press: ? - help, Q - select action, (/) - cycle Shift-Dir - straight line, f - Executioner
Aim: an Executioner (moderately wounded, summoned, fast, 65% to hit)
You shoot an arrow. The arrow hits the Executioner!!
The Executioner is heavily wounded.
The Executioner hits you!!
* * * LOW HITPOINT WARNING * * *
The Executioner hits you but does no damage.
The Executioner barely misses you. You block the Executioner's attack.
The Executioner hits you but does no damage.
The Executioner misses you.
You feel much better. The Executioner hits you!
The Executioner completely misses you. The Executioner barely misses you.
The Executioner misses you.
The Executioner completely misses you. x2
The Executioner hits you but does no damage.
You block the Executioner's attack. The Executioner misses you.
Casting: Iskenderun's Mystic Blast (safe; 1% risk of failure)
Confirm with . or Enter, or press ? or * to list all spells.
Okay, then.
As you read the scroll of teleportation, it crumbles to dust.
You feel strangely unstable. The Executioner misses you.
The Executioner hits you but does no damage.
The Executioner misses you. The Executioner barely misses you.
The Executioner hits you but does no damage.
The Executioner closely misses you. You block the Executioner's attack. x2
The Executioner closely misses you. The Executioner hits you!
* * * LOW HITPOINT WARNING * * *
The Executioner hits you.
* * * LOW HITPOINT WARNING * * *
The Executioner completely misses you. The Executioner hits you!
* * * LOW HITPOINT WARNING * * *
The Executioner closely misses you. The Executioner misses you.
You feel much better. The Executioner hits you!
You die...

#........## #.......#
#.⌠..⌠.#.# #.......#
##....##.####........
#....#.#..#........#
##..##.###........##
####..# ##.......#
#....## #.......#
#....# #......##
##@.## .....# #1##
....# #...H## #....†
#...... .......
....... .......
.......


You could see Asterion (fast, poisoned) and an Executioner (summoned, fast).

Vanquished Creatures
  Rupert (Lair:2)
  Gastronok (Lair:2)
  Aizul (Snake:2)
  Azrael (Snake:2)
  A dire elephant (Lair:5)
  A salamander tyrant (Snake:2)
  3 hydras (Lair:5)
  2 anacondas
  2 centaur warriors (D:13)
  4 boulder beetles
  A two-headed ogre (D:12)
  8 naga warriors
  A naga sharpshooter (Snake:1)
  A sun demon (Lair:5)
  2 skysharks
  A swamp dragon (Lair:4)
  A naga ritualist (Snake:2)
  A wizard (Lair:5)
  A harpy (Lair:3)
  3 deep elf pyromancers (D:12)
  6 manticores
  4 mana vipers
  A will-o-the-wisp (Lair:4)
  2 cyclopes
  4 salamanders (Snake:1)
  8 elephants
  16 black mambas
  10 naga magi
  3 orange demons (Lair:5)
  15 cane toads
  Maggie (D:10)
  A gargoyle (D:10)
  An efreet (D:13)
  13 komodo dragons
  6 rime drakes
  2 unseen horrors
  An ice devil (Lair:5)
  A red devil (Lair:5)
  4 trolls
  A polar bear (Lair:2)
  A hellwing (Lair:5)
  A hornet (D:9)
  7 dream sheep (Lair:5)
  20 blink frogs
  4 slime creatures
  Sigmund (D:2)
  A shadow (D:12)
  4 wyverns
  44 yaks
  A vampire (D:10)
  3 wraiths
  3 basilisks
  5 fire elementals
  3 steam dragons
  9 vampire mosquitoes
  18 nagas
  6 hell hounds
  18 water moccasins
  An acid dragon (D:11)
  A swamp drake (Lair:4)
  7 orc warriors
  2 black bears
  An ogre (D:4)
  22 wolves
  4 centaurs
  A phantom (D:5)
  4 kobold brigands
  17 bullfrogs
  3 scorpions (D:6)
  8 wights (D:6)
  16 killer bees
  4 jellies
  3 electric eels
  A howler monkey (D:9)
  2 lava snakes
  6 orc priests
  2 hounds
  3 gnoll boudas
  2 iguanas (D:4)
  A sleepcap (D:7)
  16 orc wizards
  Robin (D:2)
  16 gnolls
  10 adders
  A shadow imp (D:8)
  2 white imps (D:6)
  6 ufetubi
  A worm (D:2)
  2 dart slugs
  41 orcs
  3 ball pythons
  5 bats
  6 endoplasms
  4 giant cockroaches
  20 goblins
  3 hobgoblins
  2 jackals (D:2)
  5 quokkas
  A frilled lizard (D:3)
  16 kobolds
  6 rats
  A butterfly (Lair:2)
565 creatures vanquished.

Vanquished Creatures (collateral kills)
  2 foxfires (D:1)
2 creatures vanquished.

Vanquished Creatures (others)
  A naga (Snake:1)
  An orc (D:7)
  326 foxfires
328 creatures vanquished.

Grand Total: 895 creatures vanquished

Notes
Turn   | Place    | Note
-------+----------+-------------------------------------------
     0 | D:1      | Ijustatesigmund the Deep Elf Fire Elementalist began the
                  | quest for the Orb.
     0 | D:1      | Reached XP level 1. HP: 10/10 MP: 6/6
   650 | D:1      | Reached XP level 2. HP: 16/16 MP: 5/8
   657 | D:1      | Learned a level 2 spell: Scorch
  1443 | D:2      | You fall into a shaft and drop 1 floor!
  1640 | D:3      | Reached XP level 3. HP: 20/20 MP: 6/10
  1675 | D:3      | Reached skill level 1 in Fighting
  1854 | D:3      | Found a shimmering blue altar of Sif Muna.
  1988 | D:2      | Noticed Sigmund
  2383 | D:3      | Reached XP level 4. HP: 25/25 MP: 8/11
  2388 | D:3      | Learned a level 4 spell: Flame Wave
  2672 | D:4      | HP: 1/25 [kobold/+0 whip (5)]
  2779 | D:4      | Reached XP level 5. HP: 30/30 MP: 9/13
  2965 | D:4      | Found a shimmering altar of Xom.
  2966 | D:4      | Noticed an ogre
  2987 | D:4      | Killed an ogre
  2988 | D:4      | Reached skill level 5 in Spellcasting
  2988 | D:4      | Reached XP level 6. HP: 36/36 MP: 6/15
  3279 | D:4      | Found an iron altar of Okawaru.
  3738 | D:5      | Entered Level 5 of the Dungeon
  3756 | D:5      | Noticed a yak
  3769 | D:5      | Killed a yak
  3769 | D:5      | Noticed a yak
  3769 | D:5      | Noticed a yak
  3770 | D:5      | Reached skill level 5 in Fire Magic
  3770 | D:5      | Reached XP level 7. HP: 25/40 MP: 3/17
  4714 | D:5      | Killed a yak
  4715 | D:5      | Reached skill level 5 in Conjurations
  4715 | D:5      | Killed a yak
  4716 | D:5      | Reached XP level 8. HP: 44/46 MP: 12/20
  5725 | D:6      | Found a staircase to the Ecumenical Temple.
  5734 | Temple   | Entered the Ecumenical Temple
  5759 | Temple   | Became a worshipper of Vehumet
  6352 | D:6      | Reached skill level 1 in Evocations
  7071 | D:2      | Killed Sigmund
  7072 | D:2      | Reached XP level 9. HP: 46/50 MP: 23/23
  7354 | D:2      | Noticed Robin
  7369 | D:2      | Killed Robin
  7601 | D:2      | Found a faded altar of an unknown god.
  7967 | D:7      | Reached * piety under Vehumet
  7967 | D:7      | Offered knowledge of Shock by Vehumet.
  8710 | D:7      | Found a sacrificial altar of Ru.
  8962 | D:7      | Learned a level 4 spell: Olgreb's Toxic Radiance
  9030 | D:7      | Reached skill level 1 in Poison Magic
  9600 | D:8      | Reached skill level 1 in Ranged Weapons
  9895 | D:8      | Reached ** piety under Vehumet
  9895 | D:8      | Offered knowledge of Static Discharge by Vehumet.
  9896 | D:8      | Reached skill level 2 in Ranged Weapons
  9965 | D:8      | Found an ancient bone altar of Kikubaaqudgha.
  9977 | D:8      | Reached skill level 10 in Spellcasting
  9998 | D:8      | Reached skill level 3 in Ranged Weapons
  9998 | D:8      | Reached XP level 10. HP: 38/56 MP: 19/26
 10522 | D:8      | Reached skill level 4 in Ranged Weapons
 10815 | D:8      | Found a runed translucent door.
 10853 | D:8      | Found a broken altar of Ashenzari.
 11429 | D:8      | Offered knowledge of Ignite Poison by Vehumet.
 11520 | D:8      | Reached skill level 5 in Ranged Weapons
 11709 | D:9      | Reached *** piety under Vehumet
 11811 | D:9      | Reached skill level 5 in Poison Magic
 12141 | D:9      | Identified 3 scrolls of acquirement
 12141 | D:9      | Acquired the ring of Jogoruex {Fly rPois rC- Str-2 Int+10}
 12147 | D:9      | Acquired the ring "Feguh" {rC+ EV+5 Int-3 Dex+5}
 12153 | D:9      | Acquired the +8 longbow "Zephyr" {speed, Dex+3 SInv}
 12153 | D:9      | Found the +8 longbow "Zephyr" {speed, Dex+3 SInv}
 12168 | D:9      | Offered knowledge of Iskenderun's Mystic Blast by Vehumet.
 12174 | D:9      | Learned a level 4 spell: Iskenderun's Mystic Blast
 12380 | D:9      | Found a white marble altar of Elyvilon.
 12383 | D:9      | Found a blossoming altar of Fedhas.
 12388 | D:9      | Found a hazy altar of Hepliaklqana.
 12478 | D:9      | Found an opulent altar of Gozag.
 12590 | D:9      | Reached XP level 11. HP: 60/60 MP: 28/28
 12605 | D:9      | Reached skill level 10 in Fire Magic
 12913 | D:10     | Entered Level 10 of the Dungeon
 12913 | D:10     | Found Ipemokh's Distillery.
 12928 | D:10     | Found a shadowy altar of Dithmenos.
 13128 | D:10     | Found a staircase to the Lair.
 13229 | D:10     | Found a staircase to the Orcish Mines.
 13267 | D:10     | Found a basalt altar of Yredelemnul.
 13287 | D:10     | Noticed Maggie
 13297 | D:10     | Killed Maggie
 13406 | D:10     | Reached skill level 6 in Ranged Weapons
 13709 | D:11     | Noticed a boulder beetle
 13718 | D:11     | Killed a boulder beetle
 13719 | D:11     | Reached skill level 7 in Ranged Weapons
 13920 | D:11     | Found a hide-covered altar of Uskayaw.
 13986 | D:11     | Reached skill level 8 in Ranged Weapons
 14337 | D:11     | Reached **** piety under Vehumet
 14338 | D:11     | Reached skill level 9 in Ranged Weapons
 14931 | D:12     | Offered knowledge of Airstrike by Vehumet.
 14941 | D:12     | Reached skill level 10 in Ranged Weapons
 15052 | D:12     | Noticed a two-headed ogre
 15057 | D:12     | Killed a two-headed ogre
 15110 | D:12     | Noticed a deep elf pyromancer
 15112 | D:12     | Killed a deep elf pyromancer
 15113 | D:12     | Reached skill level 5 in Dodging
 15175 | D:12     | Noticed a boulder beetle
 15175 | D:12     | Noticed a deep elf pyromancer
 15186 | D:12     | Killed a boulder beetle
 15187 | D:12     | Reached skill level 11 in Ranged Weapons
 15187 | D:12     | Killed a deep elf pyromancer
 15254 | D:12     | Reached XP level 12. HP: 64/64 MP: 29/29
 15599 | D:13     | Found a gate to the Vaults.
 15707 | D:13     | Reached skill level 12 in Ranged Weapons
 15773 | D:13     | Noticed a centaur warrior
 15778 | D:13     | Killed a centaur warrior
 15880 | D:13     | Noticed a centaur warrior
 15908 | D:13     | Killed a centaur warrior
 15945 | D:13     | Reached skill level 13 in Ranged Weapons
 16049 | D:13     | Found a runed translucent door.
 16050 | D:13     | Noticed lis82's ghost (journeyman DgAE)
 16129 | D:13     | Found an ancient bone altar of Kikubaaqudgha.
 16324 | Lair:1   | Entered Level 1 of the Lair of Beasts
 16472 | Lair:1   | Found the amulet of Elemental Vulnerability {rPois rF--
                  | rC-- AC+8}
 16537 | Lair:1   | Reached skill level 14 in Ranged Weapons
 16537 | Lair:1   | Reached skill level 10 in Dodging
 16940 | Lair:1   | Identified the +4 rapier of the Dead {heavy, rElec rC+}
 17153 | Lair:2   | Noticed Gastronok
 17172 | Lair:2   | Killed Gastronok
 17268 | Lair:2   | Reached XP level 13. HP: 68/68 MP: 30/30
 17568 | Lair:2   | Reached skill level 15 in Ranged Weapons
 17777 | Lair:2   | Found a staircase to the Snake Pit.
 18004 | Lair:3   | Reached skill level 5 in Stealth
 18428 | Lair:3   | Reached ***** piety under Vehumet
 18648 | Lair:3   | Offered knowledge of Iskenderun's Battlesphere by Vehumet.
 18657 | Lair:3   | Found a staircase to the Shoals.
 18673 | Lair:3   | Learned a level 5 spell: Iskenderun's Battlesphere
 18679 | Lair:3   | Learned a level 5 spell: Fireball
 19211 | Lair:4   | Reached skill level 10 in Conjurations
 20113 | Lair:5   | Entered Level 5 of the Lair of Beasts
 20562 | Lair:5   | Noticed a dire elephant
 20575 | Lair:5   | Killed a dire elephant
 20576 | Lair:5   | Reached XP level 14. HP: 43/76 MP: 31/33
 21214 | Lair:5   | Reached skill level 5 in Fighting
 21277 | Lair:5   | Offered knowledge of Ozocubu's Refrigeration by Vehumet.
 21407 | Lair:5   | Found a staircase to the Slime Pits.
 22386 | Lair:5   | Found a burning altar of Makhleb.
 22870 | Lair:5   | Found a gateway to Hell.
 23003 | Snake:1  | Entered Level 1 of the Snake Pit
 23028 | Snake:1  | Reached skill level 16 in Ranged Weapons
 23032 | Snake:1  | Noticed Rupert
 23330 | Lair:2   | Killed Rupert
 24039 | Snake:1  | Found Qimay's Jewellery Shop.
 24314 | Snake:2  | Noticed Azrael
 24331 | Snake:2  | Killed Azrael
 24459 | Snake:2  | Identified the +7 long sword of Litryago {freeze, rPois
                  | rF++ rN+}
 24883 | Snake:2  | Reached XP level 15. HP: 82/82 MP: 35/35
 24896 | Snake:2  | Identified the +2 robe of Lugonu's Reproof {Fly rElec Str+2
                  | Int-3}
 24931 | Snake:2  | Reached skill level 15 in Spellcasting
 25154 | Snake:2  | Found a runed translucent gate.
 25154 | Snake:2  | Found a runed translucent gate.
 25154 | Snake:2  | Found a runed translucent gate.
 25156 | Snake:2  | Found an opulent altar of Gozag.
 25157 | Snake:2  | Noticed Turbonekonecno's ghost (adept SpEn)
 25159 | Snake:2  | Found Emnisewn's Assorted Antiques.
 25188 | Snake:2  | Found Uhyzi's Assorted Antiques.
 25192 | Snake:2  | Noticed Aizul
 25207 | Snake:2  | Killed Aizul
 25354 | Snake:2  | Reached skill level 17 in Ranged Weapons
 25610 | Snake:2  | Noticed Asterion
 25614 | Snake:2  | Noticed an Executioner
 25626 | Snake:2  | HP: 3/82 [Executioner[Asterion] (11)]
 25627 | Snake:2  | Slain by an Executioner

Illustrated notes

Levels and vault maps discovered:
D:1:      minmay_arrival_plants_in_alcoves, layout_basic, nicolae_the_louvre
D:2:      minmay_evil_eye, layout_loops_ring, chequers_ecumenical_altar_simple,
          kennysheep_small_spiral, minmay_fountain_box, uniq_robin, uniq_sigmund
D:3:      minmay_chambers_of_twos, layout_rooms, mainiacjoe_overflow_paths
D:4:      layout_cave_pools, xom_confusion_cloud, kennysheep_okawaru_gauntlet,
          patterned_corridor
D:5:      layout_basic
D:6:      layout_basic, minmay_temple_entry_antechambers, nicolae_hexahallways,
          minmay_hedge_maze
D:7:      layout_loops_corners, nicolae_ru_awakened_eye
D:8:      layout_loops_ring, nicolae_ashenzari_panopticon,
          mainiacjoe_overflow_catwalk, chequers_garden, lightli_church_of_beogh
D:9:      layout_loops_ring, kennysheep_mini, grunt_temple_overflow_diamond,
          small_statue_intersection, serial_park_tiny_1
D:10:     layout_gridville, mainiacjoe_overflow_boulevard,
          nicolae_dithmenos_shadow_blocks, david_lair_generic, david_orc_3,
          serial_shops, shop, uniq_maggie
D:11:     layout_stronghold, nicolae_uskayaw_murder_on_the_dancefloor
D:12:     cheibrodos_helix_gallery, layout_cave_pools
D:13:     layout_big_octagon, gammafunk_ghost_grave,
          nicolae_kikubaaqudgha_miasma_corner
Temple:   hellmonk_temple_rainy
Lair:1:   layout_misc_corridors, serial_bayou_shore_a
Lair:2:   layout_small_grid, dummy_snake_entry, lemuel_fruit_fields,
          uniq_gastronok
Lair:3:   layout_gridlike, nicolae_shoals_entry_roost
Lair:4:   layout_regular_city, dreamdust_mushroom_princess, pond,
          serial_bayou_shore_b, grunt_megastairs_3
Lair:5:   evil_forest, layout_cellular_growth, minmay_slime_entry_pillars,
          grunt_megastairs_1
Snake:1:  layout_concentric_octagons, serial_shops, nicolae_shop_gaudy_bauble,
          grunt_ministairs_6, uniq_rupert
Snake:2:  nicolae_snake_hallway, layout_chambers, ebering_ghost_gozag,
          minmay_shop_grove, uniq_aizul, uniq_azrael, uniq_asterion

Skill      XL: |  1  2  3  4  5  6  7  8  9 10 11 12 13 14 15 |
---------------+----------------------------------------------+-----
Fighting       | 1 2 3 4 5 |  5.3
Conjurations   | 2 3 4 5 7 8 9 10 12 | 12.8
Spellcasting   | 4 5 7 8 10 11 13 14 15 | 15.2
Fire Magic     | 4 5 6 7 8 9 10 11 12 13 | 13.1
Evocations     | 2 3 |  3.0
Poison Magic   | 3 5 6 |  6.0
Ranged Weapons | 3 5 11 14 15 16 17 | 17.0
Dodging        | 6 11 12 | 12.0
Stealth        | 6 |  6.0

Action                     |  1- 3 |  4- 6 |  7- 9 | 10-12 | 13-15 || total
---------------------------+-------+-------+-------+-------+-------++-------
  Melee: Flail             |       |       |    38 |       |       ||    38
         Punch             |       |       |     1 |       |       ||     1
   Fire: Orcbow            |       |       |     6 |    23 |       ||    29
         Longbow           |       |       |       |   337 |   858 ||  1195
   Cast: Foxfire           |    62 |    38 |    93 |    15 |       ||   208
         Scorch            |    12 |     7 |    46 |    29 |     1 ||    95
         Flame Wave        |       |     3 |    21 |    35 |    18 ||    77
         Olgreb's Toxic Ra |       |       |       |    15 |    24 ||    39
         Iskenderun's Myst |       |       |       |     2 |    16 ||    18
         Fireball          |       |       |       |       |    15 ||    15
    Use: Scroll            |       |       |    14 |    11 |    13 ||    38
         Potion            |       |       |     1 |     1 |     8 ||    10
 Armour: Robe              |     5 |    13 |    48 |    79 |   111 ||   256
  Dodge: Dodged            |     9 |    12 |    34 |   114 |   262 ||   431
  Block: Other             |       |       |    20 |    31 |    46 ||    97
         Reflection        |       |       |     2 |     6 |     4 ||    12

Table legend: (Time is in decaauts)
 A = Elapsed time spent in this place.
 B = Non-inter-level travel time spent in this place.
 C = Inter-level travel time spent in this place.
 D = Time resting spent in this place.
 E = Time spent auto-exploring this place.
 F = Levels seen in this place.
 G = Mean time per level.
                   A        B        C        D        E       F      G
               +--------+--------+--------+--------+--------+-----+--------+
         Total |  25276 |  24387 |    889 |   6876 |  14448 |  21 | 1203.6 |
       Dungeon |  16301 |  15639 |    662 |   4113 |   9699 |  13 | 1253.9 |
        Temple |     36 |     36 |      0 |      0 |      0 |   1 |   36.0 |
          Lair |   6932 |   6707 |    225 |   2289 |   3550 |   5 | 1386.4 |
     Snake Pit |   2005 |   2005 |      0 |    473 |   1199 |   2 | 1002.5 |
               +--------+--------+--------+--------+--------+-----+--------+

Top non-repeatable levels by time:
  Lair:5: 2713 daAuts
     D:6: 2185 daAuts
     D:8: 1855 daAuts
  Lair:2: 1654 daAuts
     D:7: 1382 daAuts
     D:3: 1330 daAuts
     D:4: 1304 daAuts
    D:11: 1268 daAuts
     D:9: 1249 daAuts
 Snake:2: 1242 daAuts
     D:1: 1236 daAuts
     D:5: 1186 daAuts
     D:2: 1186 daAuts
  Lair:4: 963 daAuts
  Lair:3: 918 daAuts
